 Dungeon Crawl Stone Soup version 0.25.1-2-g60ff931df9 (webtiles) character file.

Game seed: 10121231272731159710

68 hawla the Slasher (level 4, -1/37 HPs)
             Began as a Minotaur Gladiator on Nov 8, 2020.
             Slain by an adder (2 damage)
             ... on level 2 of the Dungeon.
             The game lasted 00:03:12 (1344 turns).

hawla the Slasher (Minotaur Gladiator)              Turns: 1344, Time: 00:03:13

Health: -1/37      AC:  3    Str: 20    XL:     4   Next: 1%
Magic:  3/3        EV: 12    Int:  5    God:
Gold:   21         SH:  0    Dex: 11    Spells: 3/3 levels left

rFire    . . .     SeeInvis .   k - +1 dagger (venom)
rCold    . . .     Gourm    .   (no shield)
rNeg     . . .     Faith    .   b - +0 leather armour
rPois    .         Spirit   .   c - +0 hat
rElec    .         Reflect  .   (no cloak)
rCorr    .         Harm     .   (no gloves)
MR       .....                  (no boots)
Stlth    +.........             (no amulet)
HPRegen  0.12/turn              (no ring)
MPRegen  0.08/turn              (no ring)

@: lethally poisoned (-1 -> -3), stab
A: retaliatory headbutt, horns 2
a: no special abilities


You were on level 2 of the Dungeon.
You were not hungry.

You visited 1 branch of the dungeon, and saw 2 of its levels.

You collected 21 gold pieces.

Inventory:

Hand Weapons
 a - a +0 long sword
 k - a +1 dagger of venom (weapon)
Missiles
 d - 4 throwing nets
 i - 11 poisoned darts (quivered)
Armour
 b - a +0 leather armour (worn)
 c - a +0 hat (worn)
Scrolls
 g - a scroll of teleportation
Comestibles
 f - 2 rations
 h - a chunk of flesh


   Skills:
 + Level 2.9 Fighting
 + Level 0.5(2.7) Short Blades
 + Level 4.8(4.9) Long Blades
 + Level 2.4 Throwing
 + Level 1.6 Armour
 - Level 3.2 Dodging


You had 3 spell levels left.
You didn't know any spells.
Your spell library was empty.

Dungeon Overview and Level Annotations

Branches:
Dungeon (2/15)

Altars:

Annotations:
D:2 Robin


Innate Abilities, Weirdness & Mutations

You reflexively headbutt those who attack you in melee.
You have a pair of horns on your head.


Message History

You are too injured to fight recklessly!
You are too injured to fight recklessly!
Unknown command.
You hit the orc priest.
You kill the orc priest!
You have reached level 4!
You feel stronger.
You feel sick. The leopard gecko barely misses you. The adder bites you.
You hit the orc. You headbutt the orc.
The orc is heavily wounded.
The leopard gecko bites you.
* * * LOW HITPOINT WARNING * * *
The orc hits you.
* * * LOW HITPOINT WARNING * * *
The adder barely misses you.
You feel ready to backstab. The leopard gecko bites you.
* * * LOW HITPOINT WARNING * * *
The adder bites you.
You die...

**,,,*,,,,**,,,,,,,,**,**,***,,,*
,**,,*,,,*#..,**,,,***,**,* *,,,*
,,**,*,,**,..,,**,,,,,,**,***,,,*
,,,***+**,,,..,,,,,******,**,***,
,,,*,,,*,,,,,.,***,******,*,** *,
****,_,*****##[* *,,,,,,,,,,* *,
,,,*,,,*,,,,,..#*********,,,** *,
,,******,,,,,,#l#########.,*,***,
,**,,*,**,,,,,,#@oo.......,**,,,*
**,,,*,,*#.....S##o.#####.****,*,
*,,,,*,,,##....#*#..# *,* *,*,
,,,,,*,,,,##..#* #..# *,****,*,
,,,,,*,,,,,##.* #..# **,**,,,,,
,,,,,*,,,,,.######..####..,,,***,
**,****,,,,ooo............**** *,
*,,,,,,,**#######...###>#* *,
**,****,* ##.....##,* *,


You could see an orc wizard, an adder, 2 orcs and a leopard gecko.

Vanquished Creatures
  An orc priest (D:2)
  A dart slug (D:1)
  An orc (D:2)
  5 giant cockroaches (D:1)
  14 goblins
  A hobgoblin (D:2)
  3 jackals (D:1)
  3 kobolds (D:1)
  A bat (D:2)
  A frilled lizard (D:1)
31 creatures vanquished.

Notes
Turn   | Place    | Note
-------+----------+-------------------------------------------
     0 | D:1      | hawla the Minotaur Gladiator began the quest for the Orb.
     0 | D:1      | Reached XP level 1. HP: 18/18 MP: 0/0
   100 | D:1      | Reached skill level 4 in Long Blades
   207 | D:1      | Reached XP level 2. HP: 23/25 MP: 1/1
   386 | D:1      | You fall into a shaft and drop 1 floor!
   386 | D:2      | Noticed Robin
   874 | D:1      | Reached XP level 3. HP: 28/30 MP: 2/2
   919 | D:1      | Reached skill level 1 in Armour
  1342 | D:2      | Reached XP level 4. HP: 15/37 MP: 3/3
  1344 | D:2      | HP: 1/37 [leopard gecko (3)]
  1344 | D:2      | Slain by an adder

Illustrated notes

Levels and vault maps discovered:
D:1:      matt_arrival_grand_opening, layout_loops_corners, chequers_mini_garden
D:2:      layout_loops_ring, zin_treasury, nicolae_ashenzari_panopticon,
          uniq_robin

Skill      XL: |  1  2  3 |
---------------+----------+-----
Long Blades    | 4 |  4.8
Armour         | 1 |  1.6
Fighting       | |  2.9
Short Blades   | |  0.5
Throwing       | |  2.4
Dodging        | |  3.2

Action                   |  1- 3 |  4- 6 || total
-------------------------+-------+-------++-------
Melee: Long sword        |    16 |       ||    16
       Headbutt          |    13 |     1 ||    14
       Dagger            |    47 |     1 ||    48
Throw: Dart              |     3 |       ||     3
  Use: Potion            |     2 |     1 ||     3
       Scroll            |     3 |       ||     3
  Eat: Chunk             |     1 |       ||     1
Armor: Leather armour    |    12 |       ||    12
Dodge: Dodged            |    39 |     2 ||    41
       Rpst.: Long sword |     2 |       ||     2
